[Event "Early-Titled-Tuesday-Blitz-October-17-2023"]
[Site "Chess.com"]
[Date "2023.10.17"]
[Round "2"]
[White "YouJustFoundYourGodfather"]
[Black "Sina_Movahed"]
[Result "0-1"]
[WhiteElo "2617"]
[BlackElo "3003"]
[TimeControl "180+1"]
[EndTime "8:19:42 PDT"]
[Termination "Sina_Movahed won on time"]

1. b3 e5 2. Bb2 Nc6 3. e3 g6 4.
c4 Bg7 5. Nc3 Nge7 6. g3 O-O 7.
Bg2 d6 8. Nge2 a5 9. a3 Be6 10. O-O Qd7 11. Re1 Bh3 12. Bh1 Rfe8 13. Rc1 h5 14. Nd5 Nxd5 15. cxd5 Ne7 16. d4 Nf5 17. dxe5 dxe5 18. Qc2 Rac8 19. Qc5 a4 20. b4 Nd6 21.
Qc2 f5 22. Nc3 Ra8 23. Bf3 e4 24. Be2 Bg4 25. Bf1 Bf3 26. Ne2 Bxb2 27. Qxb2 h4 28. Nf4 hxg3 29. fxg3 Qf7 30. h4 Kh7 31. Ne6 Rxe6 32.
dxe6 Qe7 33. b5 Rg8 34. Qc3 Rg7 35. Qe5 g5 36. hxg5 Rxg5 37. Be2 f4 38. Qxf4 Rg4 39. Qe5 Kg6 40. Bxf3 exf3 41. Kf2 Rg5 42. Qf4 Qxe6 43. e4 Rh5 44. Rh1 Qa2+ 45. Kxf3 Qxa3+ 46. Qe3 Qxe3+ 47. Kxe3 Rxb5 48. Rxc7 Rb4 49. Rh4 a3 50. e5 Nf5+ 51. Kd3 Nxh4 52. gxh4 a2 53. h5+ Kh6 0-1

[Event "Early-Titled-Tuesday-Blitz-October-17-2023"]
[Site "Chess.com"]
[Date "2023.10.17"]
[Round "2"]
[White "erugee"]
[Black "LangesNasenhaar"]
[Result "0-1"]
[WhiteElo "2246"]
[BlackElo "2494"]
[TimeControl "180+1"]
[EndTime "8:19:42 PDT"]
[Termination "LangesNasenhaar won on time"]

1. e4 Nc6 2. Nf3 d6 3. d4 Nf6 4.
d5 Nb8 5. Bd3 g6 6. h3 Bg7 7. O-O O-O 8. Re1 c6 9. c4 e6 10. Bg5 exd5 11. cxd5 cxd5 12. exd5 Qa5 13. Nc3 Nxd5 14. Nxd5 Qxd5 15. Qc2 Nc6 16. a3 Nd4 17.
Nxd4 Qxg5 18. Nf3 Qf6 19. b4 Bxh3 20. Be4 Be6 21. Bxb7 Rab8 22. Be4 d5 23. Bd3 Rbc8 24. Qa4 Rc7 25. Rad1 h5 26. Bf1 Qf4 27. Qa5 Rd7 28. Qb5 Rfd8 29. Bd3 d4 30. Bxg6 Bg4 31. Bxh5 Rd5 32.
Re8+ Kh7 33. Qd3+ Bf5 34. Qd2 Qxd2 35. Rxd2 Rxe8 36. Ng5+ Kh6 37. Bxf7 Kxg5 38. Bxe8 d3 39. g3 Bc3 40. Rd1 Bg4 41. f4+ Kf6 42. Rc1 d2 43.
Rf1 d1=Q 44. Rxd1 Rxd1+ 45. Kf2 Rd2+ 46. Kf1 Rd8 47. Bb5 Rd2 48. Bc4 Rb2 49. Kg1 Bf3 50.
Kf1 Bd4 0-1

[Event "Early-Titled-Tuesday-Blitz-October-17-2023"]
[Site "Chess.com"]
[Date "2023.10.17"]
[Round "2"]
[White "NelsonLinda"]
[Black "TigrVShlyape"]
[Result "1-0"]
[WhiteElo "2597"]
[BlackElo "2840"]
[TimeControl "180+1"]
[EndTime "8:19:43 PDT"]
[Termination "NelsonLinda won on time"]

1. Nf3 Nf6 2. b3 d5 3. Bb2 Bf5 4. d3 e6 5. Nbd2 h6 6. g3 Nbd7 7. Bg2 Bh7 8. O-O Be7 9. Re1 O-O 10. e4 c6 11. Qe2 a5 12. a3 b5 13. e5 Ne8 14. h4 Nc7 15. Nh2 c5 16. c4 bxc4 17.
bxc4 Rb8 18. Bc3 a4 19. Ba5 Kh8 20. Rab1 Ra8 21. Bxc7 Qxc7 22. cxd5 exd5 23. Bxd5 Rad8 24. Nc4 Nb8 25. Rb7 Qc8 26. Nb6 Qf5 27. Rxe7 Qxd3 28. Qxd3 Bxd3 29. Rxf7 Rxf7 30. Bxf7 Nc6 31. Bd5 Ne7 32.
Bc4 Bc2 33. Nf3 Bb3 34. Rb1 Bc2 35. Rc1 Be4 36. Ne1 Bc6 37. Bf1 g5 38. hxg5 hxg5 39.
Bg2 Be8 40. Nc4 Bg6 41. Nf3 g4 42. Nfd2 Kg7 43. Ne4 Rd4 44. Ned6 Rd3 45. Be4 Bxe4 46. Nxe4 Rd4 47. Nxc5 Kg6 48. Nxa4 Kf5 49. Nab6 Rd3 50. a4 Ng6 51. a5 1-0

[Event "Early-Titled-Tuesday-Blitz-October-17-2023"]
[Site "Chess.com"]
[Date "2023.10.17"]
[Round "2"]
[White "guillembaches"]
[Black "Aygehovit1992"]
[Result "1/2-1/2"]
[WhiteElo "2524"]
[BlackElo "2687"]
[TimeControl "180+1"]
[EndTime "8:19:43 PDT"]
[Termination "Game drawn by repetition"]

1. d4 Nf6 2. Nf3 e6 3. Bg5 h6 4. Bh4 g5 5. Bg3 c5 6. e3 Nc6 7. Nbd2 d5 8. c3 Qb6 9. Rb1 Bd7 10. Bd3 Nh5 11. Qe2 Nxg3 12. hxg3 Bg7 13. dxc5 Qxc5 14.
e4 O-O-O 15. O-O Bf6 16. b4 Qd6 17. b5 Ne5 18. Nxe5 Bxe5 19. Nf3 f6 20. Nxe5 fxe5 21. c4 h5 22. cxd5 h4 23. dxe6 Bxe6 24. Bc4 hxg3 25. Bxe6+ Qxe6 26. fxg3 Kb8 27. Rf5 Qb6+ 28. Qf2 Qh6 29.
Qc2 g4 30. Rbf1 Qb6+ 31. Qf2 Qxb5 32. Qe3 a6 33. Rf7 Qc6 34. a4 Rd4 35. Rb1 Rxe4 36. Rbxb7+ Kc8 37. Rfc7+ Kd8 38. Rd7+ Ke8 39. Re7+ Kd8 40.
Red7+ Ke8 41. Re7+ Kd8 42. Red7+ 1/2-1/2

[Event "Early-Titled-Tuesday-Blitz-October-17-2023"]
[Site "Chess.com"]
[Date "2023.10.17"]
[Round "2"]
[White "AsaHoffmann"]
[Black "2346PL"]
[Result "1-0"]
[WhiteElo "2357"]
[BlackElo "2547"]
[TimeControl "180+1"]
[EndTime "8:19:43 PDT"]
[Termination "AsaHoffmann won by resignation"]

1. d4 f5 2. Nc3 Nf6 3. Bg5 d5 4. f3 e6 5. e4 Be7 6. exf5 exf5 7. Bd3 O-O 8. Nge2 h6 9. Bh4 c6 10. O-O g5 11. Bf2 f4 12. Re1 b5 13. a4 b4 14. Nb1 Ba6 15. Bxa6 Nxa6 16. Qd3 Nc7 17. Qg6+ Kh8 18. Qxh6+ Nh7 19. Qxc6 a5 20. Qg6 Ra6 21. Qd3 Rh6 22. h3 Qd7 23. c4 g4 24. fxg4 f3 25. Ng3 fxg2 26. Nf5 Re6 27. Nd2 Ng5 28. Rxe6 Ncxe6 29. Bg3 Nxh3+ 30. Kh2 g1=Q+ 31. Rxg1 Nxg1 32. Kxg1 Bg5 33. Nf3 Bf4 34. Ne5 Qh7 35. Kg2 Bxg3 36. Qxg3 Ng5 37. cxd5 Rc8 38. Nc6 Re8 39. Ne5 Ne4 40. Qf4 Nf6 41. d6 Rg8 42. g5 Qh5 43. Nf3 Nh7 44. Ng3 Qe8 45. Qe5+ Qxe5 46. dxe5 Kg7 47. e6 Kf8 48. e7+ Ke8 49. Ne4 Rg6 50. Kg3 Kd7 51. Kf4 Re6 52. Ne5+ Ke8 53. Kf5 Nxg5 54. Nxg5 Rxd6 55. Ng6 Rd2 56. Ne4 Rd5+ 57. Ke6 1-0

[Event "Early-Titled-Tuesday-Blitz-October-17-2023"]
[Site "Chess.com"]
[Date "2023.10.17"]
[Round "2"]
[White "Martial2008"]
[Black "Zhigalko_Sergei"]
[Result "0-1"]
[WhiteElo "2613"]
[BlackElo "2933"]
[TimeControl "180+1"]
[EndTime "8:19:44 PDT"]
[Termination "Zhigalko_Sergei won by resignation"]

1. d4 Nf6 2. Nf3 e6 3. Bg5 h6 4.
Bh4 b6 5. Nbd2 Bb7 6. e3 Be7 7.
Bd3 d6 8. Bxf6 Bxf6 9. c3 Nd7 10. Qe2 a6 11. h4 c5 12. O-O-O Qc7 13. Kb1 b5 14. Rc1 O-O-O 15. Rhd1 Kb8 16. a3 c4 17. Bc2 Rhe8 18. e4 Be7 19. g3 d5 20. e5 a5 21. Ne1 Qb6 22. Ka2 Bc6 23. b4 cxb3+ 24. Nxb3 Rc8 25. Nd3 Rc7 26. Qe3 Bb7 27. Bb1 Rec8 28.
Kb2 Ba6 29. Ba2 Rc6 30. f4 Qc7 31. Qd2 h5 32. Rc2 g6 33. Rb1 Ka8 34. Kc1 Bxa3+ 35. Kd1 b4 36. Ndc5 Nxc5 37. Nxc5 bxc3 38. Rxc3 Bxc5 39.
Rbc1 Qa7 40. Qc2 Bc4 41. Bxc4 Bb4 42. Qa4 Rxc4 43. Rxc4 dxc4 44. Qb5 Qxd4+ 45. Kc2 Qd3+ 46. Kb2 Qb3+ 47. Ka1 Bc3+ 48. Rxc3 Qxb5 49. Rb3 Qxb3 0-1

[Event "Early-Titled-Tuesday-Blitz-October-17-2023"]
[Site "Chess.com"]
[Date "2023.10.17"]
[Round "2"]
[White "RobertoJBM"]
[Black "bazar-wokzal"]
[Result "1-0"]
[WhiteElo "2810"]
[BlackElo "2563"]
[TimeControl "180+1"]
[EndTime "8:19:44 PDT"]
[Termination "RobertoJBM won on time"]

1. d4 Nf6 2. e3 d5 3. Nf3 Bg4 4. c4 e6 5. Qb3 Bxf3 6. gxf3 Nc6 7. Qxb7 Nb4 8. Qb5+ Qd7 9. Qxd7+ Nxd7 10. Na3 c5 11. dxc5 Bxc5 12. cxd5 Nxd5 13. Nc4 Nb4 14. Ke2 Ke7 15. Bd2 Rhc8 16. b3 Nb6 17. Na5 Nc6 18. Nxc6+ Rxc6 19. Bg2 Rac8 20. f4 Nd5 21. Rhc1 Ba3 22.
Rxc6 Rxc6 23. Bxd5 exd5 24. Kd3 Rh6 25. Rh1 Rh3 26. Bc3 g6 27. Bd4 a6 28. Ke2 h6 29.
Kf1 g5 30. Kg2 Rh5 31. fxg5 hxg5 32. h3 Rh6 33. Rd1 Rc6 34. Rd2 Ke6 35. Re2 f5 36. f3 Rc1 37. Bb2 Bxb2 38. Rxb2 Re1 39. Kf2 Rh1 40. Kg2 Re1 41. Kf2 Rh1 42. Kg3 Rg1+ 43.
Rg2 Ra1 44. Re2 Ke5 45. f4+ gxf4+ 46. exf4+ Kd4 47. h4 1-0

[Event "Early-Titled-Tuesday-Blitz-October-17-2023"]
[Site "Chess.com"]
[Date "2023.10.17"]
[Round "2"]
[White "ylr5000"]
[Black "Yeremyan_ChessMate"]
[Result "0-1"]
[WhiteElo "2536"]
[BlackElo "2724"]
[TimeControl "180+1"]
[EndTime "8:19:44 PDT"]
[Termination "Yeremyan_ChessMate won by resignation"]

1. d4 Nf6 2. c4 g6 3. Nc3 d5 4.
cxd5 Nxd5 5. e4 Nxc3 6. bxc3 Bg7 7. Bc4 O-O 8. Ne2 c5 9. O-O Nc6 10. Be3 b6 11. Qd2 Na5 12. Bd3 Bb7 13. Bh6 Rc8 14. d5 Bxh6 15. Qxh6 e6 16. c4 exd5 17. exd5 Qf6 18.
Ng3 Rce8 19. Ne4 Qd4 20. Ng5 Qg7 21. Qh4 Bc8 22. Rae1 Rxe1 23. Rxe1 Nb7 24. Ne4 f5 25. Ng5 Nd6 26. h3 Bd7 27. Ne6 Qc3 28. Re3 Qa1+ 29.
Kh2 Re8 30. Qf4 Nf7 31. Bxf5 Qf6 32. Bg4 Qxf4+ 33. Nxf4 Rxe3 34. fxe3 Bxg4 35. hxg4 Ne5 36. Kg3 Nxc4 37. Kf3 Ne5+ 38. Ke4 Nxg4 39. d6 Kf7 40. Kd5 Nxe3+ 41. Kc6 Ng4 42. d7 Ne5+ 43. Kc7 Nxd7 44.
Kxd7 c4 45. Nd5 h5 46. Kc6 Ke6 47. Nc3 Ke5 48. Kb5 Kd4 49. Ne2+ Ke3 50. Nc3 g5 51. Kxc4 g4 52. Nd5+ Kf2 53. Nf4 h4 54. Kd5 Kg3 55. Ke4 b5 56. a3 a5 57. Ng6 b4 58. axb4 axb4 59. Kd3 h3 60. gxh3 gxh3 61. Ne7 h2 62.
Nf5+ Kf4 63. Nd4 h1=Q 64. Ne2+ Ke5 65. Kc4 Qe4+ 0-1

[Event "Early-Titled-Tuesday-Blitz-October-17-2023"]
[Site "Chess.com"]
[Date "2023.10.17"]
[Round "2"]
[White "Road2GM3000"]
[Black "Goryachkina"]
[Result "1-0"]
[WhiteElo "2437"]
[BlackElo "2653"]
[TimeControl "180+1"]
[EndTime "8:19:48 PDT"]
[Termination "Road2GM3000 won on time"]

1. d4 Nf6 2. c4 e6 3. Nc3 Bb4 4. Nf3 d5 5. cxd5 exd5 6. Bg5 h6 7. Bh4 O-O 8. e3 Bf5 9. Qb3 Bxc3+ 10. bxc3 Nbd7 11.
Be2 c5 12. O-O Qb6 13. Qd1 Rfe8 14. Bd3 Ne4 15. Bxe4 Bxe4 16. Bg3 Rac8 17. Ne5 Nf8 18. Qa4 c4 19. Nd7 Nxd7 20. Qxd7 Qb2 21. Rfc1 a6 22. a4 Rcd8 23. Qg4 Re6 24. a5 Rg6 25. Qh4 Re8 26.
Qf4 Rf6 27. Qc7 h5 28. Qd7 Rf8 29. f3 Bd3 30. Qxd5 Rh6 31. Bf4 Rg6 32. g3 h4 33. Qh5 hxg3 34. hxg3 Re8 35. Qh2 Qb3 36. g4 f6 37. Qf2 Kf7 38. Kg2 Rh8 39. Rh1 Rxh1 40.
Rxh1 Qxc3 41. e4 Qc2 42. d5 Qxf2+ 43. Kxf2 c3 44. Ke3 Bb5 45. Rc1 Ke8 46. Rxc3 Kd7 47. Rc7+ Kd8 48. Rxb7 1-0

[Event "Early-Titled-Tuesday-Blitz-October-17-2023"]
[Site "Chess.com"]
[Date "2023.10.17"]
[Round "2"]
[White "Air-Conditioner07"]
[Black "Misticpikachu"]
[Result "0-1"]
[WhiteElo "2192"]
[BlackElo "2463"]
[TimeControl "180+1"]
[EndTime "8:19:48 PDT"]
[Termination "Misticpikachu won by resignation"]

1. d4 e6 2. c4 Nf6 3. g3 d5 4.
Bg2 Be7 5. Nf3 O-O 6. O-O dxc4 7. Qc2 a6 8. a4 Bd7 9. Qxc4 Bc6 10. Nc3 b5 11.
Qd3 b4 12. Nd1 Be4 13. Qc4 Nbd7 14. Bf4 c5 15. Ne5 Bxg2 16. Kxg2 Nxe5 17. dxe5 Qd5+ 18. Qxd5 Nxd5 19. Ne3 Nxe3+ 20. Bxe3 c4 21. Rac1 Rac8 22. Rfd1 Rfd8 23. Rd4 Rxd4 24. Bxd4 Kf8 25. Kf3 Ke8 26. Ke4 Kd7 27. Be3 f5+ 28. Kf3 c3 29. bxc3 bxc3 30. Bd4 c2 31. Bb2 Rc5 32. Ke3 Rc4 33. Kd3 Rxa4 34. Rxc2 Ra5 35. Ke3 Rc5 36. Rxc5 Bxc5+ 37.
Kf3 Kc6 38. e3 Kd5 39. Kf4 Be7 40. g4 g6 41. gxf5 gxf5 42. Kf3 a5 43. Ke2 Kc4 44. Kd2 Kb3 45. Bd4 a4 46. Kc1 a3 47. Kb1 Bb4 48. Ka1 Bc3+ 49. Bxc3 Kxc3 50. Ka2 Kd2 51. Kxa3 Ke2 52. Kb4 Kxf2 53. Kc5 Kxe3 54. Kd6 f4 55. Kxe6 f3 56. Kd6 f2 57. e6 f1=Q 58. e7 Qd3+ 59. Kc7 Qe4 60. Kd8 Qd5+ 61. Kc8 Qe6+ 62. Kd8 Qd6+ 63. Ke8 Qxh2 0-1

[Event "Early-Titled-Tuesday-Blitz-October-17-2023"]
[Site "Chess.com"]
[Date "2023.10.17"]
[Round "2"]
[White "Byniolus"]
[Black "MidnightFox"]
[Result "1-0"]
[WhiteElo "2801"]
[BlackElo "2481"]
[TimeControl "180+1"]
[EndTime "8:19:51 PDT"]
[Termination "Byniolus won by checkmate"]

1. d4 Nf6 2. Nf3 g6 3. Bf4 Bg7 4. e3 O-O 5. Be2 d6 6. h3 b6 7. O-O Bb7 8. c3 Nbd7 9. Nbd2 c5 10. Bh2 a6 11. a4 Rc8 12. Bd3 Rc7 13. Qe2 Qa8 14.
e4 Rcc8 15. e5 Nd5 16. e6 N7f6 17. exf7+ Rxf7 18. Ng5 Rff8 19. dxc5 Rxc5 20. Ne6 Nh5 21. Nxc5 bxc5 22. Bc4 Kh8 23. Bxd5 Bxd5 24. f3 e5 25. Ne4 Qc6 26. Rfd1 Rd8 27. c4 Bg8 28. g3 Nf6 29. b3 Nxe4 30. fxe4 Be6 31. g4 Bf6 32.
Rd3 Bg5 33. Rad1 Qc7 34. Bg3 h6 35. Rxd6 Rxd6 36. Bxe5+ Kh7 37. Rxd6 Qf7 38. Qf2 Qe7 39. Qxc5 Bg8 40. Qd4 h5 41. Rd7 Be3+ 42. Kg2 Bxd4 43. Rxe7+ Kh6 44. Bxd4 Kg5 45. Be3+ Kh4 46. Rc7 a5 47.
Bf2+ Kg5 48. Be3+ Kh4 49. Rg7 hxg4 50. hxg4 g5 51. Bxg5+ Kxg4 52. Rxg8 Kh5 53. Bd2 Kh4 54. c5 Kh5 55. c6 Kh4 56. c7 Kh5 57. c8=Q Kh4 58. Qh3# 1-0

[Event "Early-Titled-Tuesday-Blitz-October-17-2023"]
[Site "Chess.com"]
[Date "2023.10.17"]
[Round "2"]
[White "Dewarfd"]
[Black "AlivodicDario"]
[Result "1-0"]
[WhiteElo "2183"]
[BlackElo "2431"]
[TimeControl "180+1"]
[EndTime "8:19:51 PDT"]
[Termination "Dewarfd won by resignation"]

1. d4 d5 2. e3 e6 3. Nf3 Bd6 4. Bd3 Nd7 5. b3 f5 6. Bb2 Ngf6 7.
Nbd2 Ne4 8. O-O Qf6 9. c4 c6 10.
a4 g5 11. Ba3 Bc7 12. cxd5 exd5 13. b4 g4 14. Bxe4 fxe4 15. Ne5 Nxe5 16. dxe5 Bxe5 17. Rc1 Rg8 18. b5 Rg6 19. bxc6 bxc6 20. g3 Rh6 21. Qc2 Bd7 22. Nb3 Rh3 23. Qc5 Kf7 24. Nd4 Qh6 25. Qe7+ Kg8 26. Qxd7 Rxh2 27. Qe6+ Qxe6 28. Nxe6 Rh6 29.
Rxc6 Re8 30. Nd4 Rxc6 31. Nxc6 Bf6 32. Rb1 Kg7 33. Rb7+ Kg6 34. Ne7+ Bxe7 35. Bxe7 Ra8 36. Bc5 a6 37. Bd4 Rc8 38. Rb6+ Kf5 39. Rxa6 Rc1+ 40. Kg2 h5 41. Rf6+ Kg5 42. Rd6 Rc2 43. Rxd5+ Kg6 44. a5 Ra2 45. Rd6+ Kg5 46. a6 Kf5 47. a7 Kg5 48.
Rd8 h4 49. gxh4+ Kxh4 50. a8=Q Rxa8 51. Rxa8 g3 52. Rh8+ Kg5 53. Rg8+ Kf5 54. Kxg3 Ke6 55. Kf4 Kd5 56. Rg5+ Kc4 57. Kxe4 1-0

[Event "Early-Titled-Tuesday-Blitz-October-17-2023"]
[Site "Chess.com"]
[Date "2023.10.17"]
[Round "2"]
[White "Tagliata"]
[Black "Juicy_Fork"]
[Result "1-0"]
[WhiteElo "2127"]
[BlackElo "2416"]
[TimeControl "180+1"]
[EndTime "8:19:51 PDT"]
[Termination "Tagliata won by resignation"]

1. e4 e5 2. Nf3 Nc6 3. Bb5 a6 4.
Ba4 d6 5. c4 Bg4 6. h3 Bxf3 7.
Qxf3 Ne7 8. O-O g6 9. Nc3 Bg7 10. d3 O-O 11. Bg5 Nd4 12. Qd1 h6 13. Bh4 g5 14.
Bg3 f5 15. f3 Rb8 16. Ne2 Nxe2+ 17. Qxe2 b5 18. Bb3 Kh8 19. Bf2 c5 20. Rab1 Qd7 21.
a3 Ng6 22. cxb5 axb5 23. Bc2 Nf4 24. Qd2 Rf6 25. exf5 Rbf8 26. Be3 Nd5 27. b4 Qc6 28. bxc5 dxc5 29. Rbc1 Qd6 30. Kh1 Rxf5 31. d4 cxd4 32. Bf2 R5f7 33. Qd3 Nf6 34. Bb3 Re7 35. Qxb5 Rd8 36.
Rc6 Qd7 37. Rfc1 Qb7 38. Qd3 Rb8 39. Bc2 Qd7 40. Bb1 Rd8 41. a4 Ra8 42. Qb5 Qd5 43. Qxd5 Nxd5 44. Rc8+ Rxc8 45. Rxc8+ Bf8 46. Rxf8+ Kg7 47.
Rd8 Nc3 48. Bc2 Rb7 49. Be4 Rb2 50. Be1 Rb1 51. Bxb1 Nxb1 52. a5 d3 53. a6 d2 54.
Bxd2 Nxd2 55. Rxd2 1-0

[Event "Early-Titled-Tuesday-Blitz-October-17-2023"]
[Site "Chess.com"]
[Date "2023.10.17"]
[Round "2"]
[White "Zavgorodniy_Sergiy"]
[Black "Grossboss19"]
[Result "1-0"]
[WhiteElo "2682"]
[BlackElo "2469"]
[TimeControl "180+1"]
[EndTime "8:19:53 PDT"]
[Termination "Zavgorodniy_Sergiy won by resignation"]

1. e4 c6 2. d4 d5 3. exd5 cxd5 4. c4 Nf6 5. Nc3 Nc6 6. Nf3 e6 7. cxd5 Nxd5 8. Bd3 Bb4 9. Bd2 h6 10. O-O O-O 11. Re1 b6 12. Nxd5 Bxd2 13. Qxd2 Qxd5 14. Be4 Qd6 15. d5 exd5 16. Qxd5 Qxd5 17. Bxd5 Bb7 18. Ne5 Rac8 19. Rac1 Na5 20. Rxc8 Bxc8 21. Nxf7 Kh7 22. Nd6 Rd8 23. Be4+ Kg8 24. Nxc8 Rxc8 25. b4 Nc6 26. a3 Nd4 27. Bd5+ Kh8 28. h4 Rd8 29. Be4 Re8 30. Kf1 Nb5 31. a4 Nc3 32.
Bc6 Rxe1+ 33. Kxe1 Na2 34. b5 Nc3 35. a5 bxa5 36. Kd2 Na4 37. Bd5 Nb6 38. Ba2 g5 39.
hxg5 hxg5 40. Ke3 Kg7 41. Kd4 Kf6 42. Kc5 Ke7 43. Kc6 a4 44. Kb7 Kd6 45. Kxa7 Kc5 46.
Ka6 a3 47. f3 Na4 48. g3 Nb6 49. f4 gxf4 50. gxf4 Nc8 51. f5 Nb6 52. f6 Nd7 53. f7 Kd6 54. b6 Kc6 55. b7 Kc7 56. Ka7 Kc6 57. b8=Q Nxb8 58. Kxb8 1-0

[Event "Early-Titled-Tuesday-Blitz-October-17-2023"]
[Site "Chess.com"]
[Date "2023.10.17"]
[Round "2"]
[White "Magila31"]
[Black "Journey_to_GrandMaster_YT"]
[Result "1-0"]
[WhiteElo "2369"]
[BlackElo "2628"]
[TimeControl "180+1"]
[EndTime "8:19:55 PDT"]
[Termination "Magila31 won on time"]

1. d4 d6 2. e4 Nf6 3. Nc3 e5 4. Nf3 Nbd7 5. Bc4 Be7 6. O-O O-O 7. Re1 c6 8. a4 a5 9. h3 Nb6 10. Bb3 Nfd7 11. Be3 exd4 12. Nxd4 Nc5 13. Ba2 Nbxa4 14. Nxa4 Nxa4 15. Bxf7+ Rxf7 16. Rxa4 Bd7 17. Ra1 c5 18. Nf3 Bc6 19. Qd3 Qc7 20. Ng5 Bxg5 21. Bxg5 Raf8 22.
Bh4 Kh8 23. Bg3 Rd7 24. Rad1 Rfd8 25. Qc4 b5 26. Qe6 h6 27. Qg6 a4 28. Re3 b4 29. Red3 Qb7 30. Rxd6 Bxe4 31. Rxd7 Bxg6 32. Rxd8+ Kh7 33. R8d7 Qe4 34. f3 Qe8 35. Ra7 Bf5 36. Re1 Be6 37. Ra6 a3 38. Raxe6 Qa8 39. bxa3 bxa3 40. Ra1 a2 41. Re2 Qa6 42. c4 Qxc4 43. Raxa2 Qd4+ 44. Kh2 c4 45. Rad2 Qc3 46. Rc2 Qd3 47.
Red2 Qf1 48. Rd4 c3 49. Rd7 h5 50. Rc7 h4 51. Be5 Qd1 52. R2xc3 Kh6 53. Bxg7+ Kg6 54. R3c6+ Kf5 55. Rf6+ Kg5 56. Rc5+ 1-0

[Event "Early-Titled-Tuesday-Blitz-October-17-2023"]
[Site "Chess.com"]
[Date "2023.10.17"]
[Round "2"]
[White "Orest_Vovk"]
[Black "TomLiu777"]
[Result "1-0"]
[WhiteElo "2543"]
[BlackElo "2334"]
[TimeControl "180+1"]
[EndTime "8:19:58 PDT"]
[Termination "Orest_Vovk won on time"]

1. h4 a5 2. h5 a4 3. a3 h6 4.
Nc3 Nf6 5. e4 e5 6. Bc4 Bc5 7.
d3 d6 8. Nf3 Bg4 9. Nd5 Nbd7 10. Be3 Bxe3 11. Nxe3 Bxh5 12. Nf5 O-O 13. Qd2 d5 14.
exd5 e4 15. dxe4 Nxe4 16. Qf4 Ndf6 17. O-O-O b5 18. Bd3 Nxf2 19. Nxh6+ gxh6 20. Qxh6 Nxd3+ 21. Rxd3 Qd6 22. Rd4 Qg3 23. Rxh5 Nxh5 24. Qxh5 f5 25. Ng5 Qe1+ 26. Rd1 Qe7 27. Qg6+ Qg7 28. Qe6+ Rf7 29.
Nxf7 Qxf7 30. Qxf7+ Kxf7 31. d6 cxd6 32. Rxd6 Rg8 33.
Rd5 Ke6 34. Rd2 Ke5 35. b3 axb3 36. cxb3 Rg3 37. Kb2 f4 38. a4 bxa4 39. bxa4 f3 40. gxf3 Rxf3 41. a5 Rf6 42. Kb3 Rd6 43. Rc2 Ke6 44. Kb4 Kd7 45. Kb5 Rh6 46. a6 Rh8 47. a7 Kd6 48. Kb6 1-0

[Event "Early-Titled-Tuesday-Blitz-October-17-2023"]
[Site "Chess.com"]
[Date "2023.10.17"]
[Round "2"]
[White "JiaHaoxiang"]
[Black "Witik"]
[Result "1-0"]
[WhiteElo "2585"]
[BlackElo "2804"]
[TimeControl "180+1"]
[EndTime "8:19:59 PDT"]
[Termination "JiaHaoxiang won on time"]

1. d4 Nf6 2. Bf4 g6 3. e3 Bg7 4.
Nf3 d6 5. h3 O-O 6. Be2 c5 7.
c3 Qb6 8. Qb3 Be6 9. Qxb6 axb6 10. a3 Nc6 11. Nbd2 Rfc8 12. O-O Nd5 13. Bg3 cxd4 14. exd4 Na5 15. Rfe1 Bh6 16. Bb5 Nc7 17. Bf1 b5 18. Bh4 Re8 19. Bg5 Bf8 20. g4 Nc4 21. Nxc4 Bxc4 22. Bg2 Bd5 23. Nd2 f6 24. Bh4 Kf7 25.
f4 Bxg2 26. Kxg2 Nd5 27. Kf3 f5 28. Nf1 e6 29. Ne3 Nb6 30. d5 Nxd5 31. Nxd5 exd5 32.
gxf5 gxf5 33. Rad1 Rxe1 34. Bxe1 Ke6 35. Bf2 Ra4 36. Bd4 Ra8 37. Re1+ Kf7 38. Rd1 Re8 39. Bf2 Ke6 40. Rd4 Ra8 41. Rb4 Ra5 42. Bb6 Ra4 43. Rxb5 Kd7 44. Rxd5 Kc6 45. Rxf5 Bg7 46. Be3 Ra8 47.
Rf7 Rg8 48. f5 b5 49. f6 Bf8 50. Rxh7 d5 51. Bd4 Bd6 52. f7 Rf8 53. h4 Kd7 54.
Kg4 Ke6 55. Kg5 Rxf7 56. Rxf7 Kxf7 57. Kf5 1-0

[Event "Early-Titled-Tuesday-Blitz-October-17-2023"]
[Site "Chess.com"]
[Date "2023.10.17"]
[Round "2"]
[White "crazy_but_lazy"]
[Black "tptagain"]
[Result "1/2-1/2"]
[WhiteElo "2622"]
[BlackElo "2937"]
[TimeControl "180+1"]
[EndTime "8:20:00 PDT"]
[Termination "Game drawn by agreement"]

1. e4 c5 2. Nf3 Nc6 3. Nc3 d6 4. d4 cxd4 5. Nxd4 e5 6. Ndb5 a6 7. Na3 Be6 8. Nc4 Rb8 9. Ne3 Nf6 10. a4 Be7 11. Be2 Nd4 12. Bd3 O-O 13. O-O Rc8 14. Ncd5 Nxd5 15. exd5 Bd7 16. c3 f5 17. cxd4 e4 18.
Be2 f4 19. Bg4 fxe3 20. Bxe3 Bf6 21. h3 Qe7 22. Bxd7 Qxd7 23. Qg4 Qxg4 24. hxg4 Rc4 25. Rfc1 Rfc8 26. b3 Rxc1+ 27. Rxc1 Rxc1+ 28. Bxc1 Bxd4 29. Kf1 Kf7 30. Ke2 Kf6 31. Bf4 Be5 32. Ke3 Bxf4+ 33. Kxf4 g5+ 34. Kxe4 b6 35. g3 h6 36. b4 Kg6 37. f3 Kf6 38. Kd4 Kg6 39. a5 b5 40.
Kd3 Kf6 41. Ke4 Kg6 42. f4 Kf6 43. Kd4 Kg6 44. Ke3 Kf6 45. Kf3 Kg6 46. Ke2 Kf6 47. Kf2 Kg6 48. Kf3 Kf6 49. Ke3 Kg6 50.
Ke4 Kf6 51. f5 Kf7 52. Kd4 Ke7 53. Ke4 Kf6 54. Kd4 Kf7 55. Ke3 Ke7 56. Ke4 Kf6 57.
Kd4 Kf7 58. Ke4 1/2-1/2

[Event "Early-Titled-Tuesday-Blitz-October-17-2023"]
[Site "Chess.com"]
[Date "2023.10.17"]
[Round "2"]
[White "Makswolf200817"]
[Black "BJthechessgod"]
[Result "1/2-1/2"]
[WhiteElo "2696"]
[BlackElo "2384"]
[TimeControl "180+1"]
[EndTime "8:20:00 PDT"]
[Termination "Game drawn by repetition"]

1. e4 c5 2. Nf3 e6 3. d4 cxd4 4. Nxd4 Nc6 5. Nc3 Qc7 6. Be3 a6 7. a3 Nf6 8. Be2 Be7 9. O-O O-O 10. f4 d6 11. Bf3 Bd7 12. Nb3 Rac8 13. Kh1 b5 14.
Qe2 Na5 15. Nxa5 Qxa5 16. e5 dxe5 17. fxe5 Ne8 18. Rad1 Bc6 19. Ne4 Bd5 20. Qf2 Qc7 21. Qg3 Qxc2 22. Rd2 Qc6 23. Nf6+ Nxf6 24. exf6 Bxf6 25.
Bxd5 exd5 26. h3 Rfe8 27. Rdf2 Kh8 28. b4 Qc3 29. Rf3 Qe5 30. Bf4 Qh5 31. Bd2 d4 32.
Rf5 Qg6 33. Qf3 Rc2 34. Qd3 Ra2 35. g4 h6 36. Bf4 Ree2 37. Bg3 Rad2 38. Qf3 d3 39.
Qa8+ Kh7 40. Bf4 Bg5 41. Bxd2 Rxd2 42. Qd5 f6 43. Qe4 Kh8 44. Qa8+ Kh7 45. Qd5 Qe8 46. R5f2 Rxf2 47. Rxf2 Qe1+ 48. Kg2 d2 49. Qf5+ Kh8 50. Qc8+ Kh7 51. Qc2+ Kg8 52. Qc8+ Kf7 53. Qd7+ Kf8 54. Qd8+ Kf7 55. Qd7+ Kg8 56. Qc8+ Kh7 57. Qf5+ Kh8 58. Qc8+ Kh7 1/2-1/2

[Event "Early-Titled-Tuesday-Blitz-October-17-2023"]
[Site "Chess.com"]
[Date "2023.10.17"]
[Round "2"]
[White "masterofpuppets2"]
[Black "pirulillo"]
[Result "0-1"]
[WhiteElo "2506"]
[BlackElo "2329"]
[TimeControl "180+1"]
[EndTime "8:20:00 PDT"]
[Termination "pirulillo won by checkmate"]

1. d4 Nf6 2. c4 g6 3. f3 Bg7 4. e4 d6 5. Nc3 O-O 6. Be3 c5 7. Nge2 cxd4 8. Nxd4 Nc6 9. Nc2 Be6 10. Qd2 Qa5 11.
Nd5 Qxd2+ 12. Kxd2 Bxd5 13. exd5 Ne5 14. Rc1 Rfc8 15.
b3 b5 16. Nd4 bxc4 17. bxc4 Nfd7 18. Be2 Nb6 19. c5 dxc5 20. Nb5 Nxd5 21. Rxc5 Nxe3 22. Rxc8+ Rxc8 23. Kxe3 a6 24. Nd4 Nc4+ 25. Bxc4 Rxc4 26. Nb3 Rc2 27. Rd1 f5 28. Rd2 Bh6+ 29. f4 Rxd2 30.
Nxd2 e5 31. g3 Kf7 32. Nb3 exf4+ 33. gxf4 Bf8 34. Na5 Ke6 35. Nb7 Kd7 36. Kd4 Kc7 37. Na5 Bg7+ 38. Kd5 Kb6 39. Nc4+ Kb5 40. Ne5 Ka4 41. Nd3 Ka3 42. h4 a5 43. Kc4 Kxa2 44.
Nc5 Ka3 45. Kb5 Bf6 46. Ne6 Bxh4 47. Nf8 Bg3 48. Nxh7 Bxf4 49. Nf6 Bd2 50. Nd5 Kb2 51. Nb6 f4 52. Nc4+ Kc2 53. Ne5 g5 54. Kc4 Bc3 55. Ng4 a4 56. Kb5 a3 57. Kc4 a2 58. Kd5 a1=Q 59. Ke4 Qe1+ 60. Kf5 f3 61. Kg6 f2 62. Kh5 f1=Q 63. Kg6 Qg3 64. Kh5 Qxg4+ 65.
Kg6 Qff5+ 66. Kh6 Qh4# 0-1